[Event "FISCA IM Round Robin 2022"]
[Site "Cap Aurora"]
[Date "2022.06.28"]
[Round "8.5"]
[White "Sanz Wawer, Daniel"]
[Black "Antonica, Dragos-Andrei"]
[Result "1/2-1/2"]
[ECO "C07"]
[WhiteElo "2363"]
[BlackElo "2355"]
[Annotator "TA"]
[PlyCount "136"]
[EventDate "2022.06.22"]
[EventType "tourn"]
[EventCountry "ROU"]
[SourceTitle "playchess.com"]
[Source "ChessBase"]
[SourceQuality "1"]
[TimeControl "40/5400+30:900+30"]

1. e4 e6 2. d4 d5 3. Nd2 c5 4. exd5 Qxd5 5. Ngf3 cxd4 6. Bc4 Qd6 7. O-O Nf6 8. Nb3 Nc6 9. Nbxd4 Nxd4 10. Nxd4 Be7 11. Nb5 {[%emt 0:07:26] C07: French Tarrasch: 3...c5, 4 Ngf3 and 4 exd5 Qxd5.} Qc6 12. Qe2 a6 13. Bf4 {[%emt 0:05:21] [#] Hoping for Nc7+.} O-O $1 (13... axb5 $2 14. Bxb5 Bd7 15. Bxc6 $18) 14. Nd4 Qe4 15. Qxe4 Nxe4 16. Rfe1 Nf6 {[%emt 0:09:58] [#]} (16... Nc5 {keeps more tension.} 17. Nf5 Bf6 18. Bd6 Bd7) 17. Rad1 $146 ({Predecessor:} 17. a4 Rd8 18. c3 Bd7 19. Bb3 Bc5 20. Rad1 b5 21. axb5 axb5 22. h3 b4 23. c4 {½-½ (29) Shehzad,S (2173)-Unneland,M (2029) Skien 2019}) 17... b5 18. Bb3 Bc5 19. Nc6 Bb7 20. Bd6 Bxc6 21. Bxc5 Rfc8 22. Bd4 Bd5 23. Bxf6 Bxb3 24. axb3 {[%emt 0:00:51] [#] Strongly threatening Bc3.} gxf6 $11 {[%emt 0:00:05][%mdl 4096] Endgame KRR-KRR} 25. c3 a5 26. g3 a4 27. bxa4 Rxa4 28. Ra1 Rac4 29. Re3 Rd8 30. b3 Rc7 31. Ra5 Rd1+ 32. Kg2 Rb7 33. Re4 f5 34. Rb4 Rc7 $1 35. Raxb5 Rxc3 36. g4 Rb1 37. gxf5 exf5 38. Rb7 (38. Rxf5 $5 Rbxb3 39. Rg4+ Kf8 40. Rh4 $16) 38... Rb2 39. R4b5 h6 40. Rxf5 Rcxb3 41. Rbxf7 Rb7 42. Rf8+ Kg7 43. Rf3 R2b5 44. h4 Rb3 {[%emt 0:00:43] The position is equal.} 45. Rxb3 Rxb3 {[%emt 0:00:04] KR-KR} 46. Rf5 Kg6 47. Rc5 Ra3 48. f3 Ra4 49. Kg3 Rb4 50. Re5 Ra4 51. Re4 Ra1 52. Re6+ Kh5 53. Re5+ Kg6 54. h5+ Kf6 55. Rb5 Ra4 56. f4 Ra1 57. Rb6+ Kf5 58. Rxh6 Rg1+ 59. Kh3 Rh1+ 60. Kg2 Rh4 61. Ra6 Rxf4 62. h6 Kg5 63. h7 Rh4 64. Ra5+ Kg6 65. Ra4 Rxh7 66. Ra6+ Kg7 67. Ra7+ Kg8 68. Rxh7 Kxh7 {[%emt 0:00:04] Weighted Error Value: White=0.03 (flawless) /Black=0.03 (flawless)} 1/2-1/2

[Event "FISCA IM Round Robin 2022"]
[Site "Cap Aurora"]
[Date "2022.06.29"]
[Round "9.1"]
[White "Antonica, Dragos-Andrei"]
[Black "Cosma, Ioan"]
[Result "1/2-1/2"]
[ECO "D36"]
[WhiteElo "2355"]
[BlackElo "2394"]
[Annotator "TA"]
[PlyCount "40"]
[EventDate "2022.06.22"]
[EventType "tourn"]
[EventCountry "ROU"]
[SourceTitle "playchess.com"]
[Source "ChessBase"]
[SourceQuality "1"]
[TimeControl "40/5400+30:900+30"]

1. c4 e6 2. Nc3 d5 3. cxd5 exd5 4. d4 Nf6 5. Bg5 Be7 6. e3 c6 7. Qc2 Nbd7 8. Bd3 Nh5 9. Bxe7 Qxe7 10. Nge2 g6 {[%emt 1:34:26] [#] 10...Nb6 is the modern continuation.} {Predecessor:} 11. O-O $146 {D36: Queen's Gambit Declined: Exchange Variation: Main line (5 Bg5 c6 6 Qc2).} O-O 12. Rae1 Ndf6 13. Nc1 Be6 14. f3 b6 15. Qf2 c5 16. Qh4 Qd8 17. g4 Ng7 18. N1e2 Rb8 19. a4 c4 20. Bc2 a6 {0-1 (58) Caruana,F (2806)-Jumabayev,R (2637) Krasnaya Polyana 2021} 1/2-1/2

[Event "FISCA IM Round Robin 2022"]
[Site "Cap Aurora"]
[Date "2022.06.29"]
[Round "9.2"]
[White "Cosman, Andreea-Marioara"]
[Black "Sanz Wawer, Daniel"]
[Result "1/2-1/2"]
[ECO "E46"]
[WhiteElo "2120"]
[BlackElo "2363"]
[Annotator "TA"]
[PlyCount "66"]
[EventDate "2022.06.22"]
[EventType "tourn"]
[EventCountry "ROU"]
[SourceTitle "playchess.com"]
[Source "ChessBase"]
[SourceQuality "1"]
[TimeControl "40/5400+30:900+30"]

1. d4 Nf6 2. c4 e6 3. Nc3 Bb4 4. e3 O-O 5. Bd2 c5 6. a3 {[%emt 0:01:26] E46: Nimzo-Indian: Rubinstein: 4 e3 0-0 5 Ne2 without early Bd3.} Bxc3 7. Bxc3 Ne4 8. Rc1 d6 9. Nf3 Nd7 10. Bd3 {[%emt 0:01:35] [#]} Nxc3 $146 ({Predecessor:} 10... Ndf6 11. O-O Nxc3 12. Rxc3 Qe7 13. Ng5 e5 14. dxc5 dxc5 15. Qb1 g6 16. Ne4 Nd7 {1-0 (37) Zatonskih,A (2393)-Abrahamyan,T (2311) Saint Louis 2022}) 11. Rxc3 Qe7 12. Qb1 Nf6 13. dxc5 dxc5 14. Ne5 Qc7 15. f4 b6 16. O-O Bb7 17. Rd1 Rad8 18. Bc2 Ba8 19. Rcd3 Qb7 {[%emt 0:04:08][%csl Ga8][%cal Rb7g2] [#]} 20. Nf3 {[%emt 0:00:08] Active counter play!} Rxd3 21. Rxd3 g6 22. Qd1 b5 (22... e5 {is more complex.} 23. Rd8 exf4 24. Qd6 Rxd8 25. Qxd8+ Kg7) 23. cxb5 (23. Rb3 $11) 23... Qxb5 $15 24. Rb3 Qc6 25. Rd3 (25. Qd2 $11) 25... Nd5 ({Black should try} 25... Qb6 $17 26. Rb3 Qa6) 26. Ne5 $36 {[%emt 0:01:44][%mdl 2048] White is pushing.} Qb7 {[%emt 0:02:15][%cal Od5f4] [#] ...Nxf4! is the strong threat.} 27. Rb3 Qc7 {[%emt 0:00:05] White must now prevent ...c4.} 28. Qe2 Rd8 29. Be4 f6 30. Nc4 Qd7 31. Bc2 Qc6 32. Rd3 {[%emt 0:00:43] Strongly threatening e4.} Re8 33. Rd2 Kg7 {[%emt 0:04:35] Weighted Error Value: White=0.15 (very precise) /Black=0.10 (very precise)} 1/2-1/2

[Event "FISCA IM Round Robin 2022"]
[Site "Cap Aurora"]
[Date "2022.06.29"]
[Round "9.3"]
[White "Dev, Shah"]
[Black "Voiteanu, Gabriel"]
[Result "1/2-1/2"]
[ECO "D78"]
[WhiteElo "2292"]
[BlackElo "2189"]
[Annotator "TA"]
[PlyCount "134"]
[EventDate "2022.06.22"]
[EventType "tourn"]
[EventCountry "ROU"]
[SourceTitle "playchess.com"]
[Source "ChessBase"]
[SourceQuality "1"]
[TimeControl "40/5400+30:900+30"]

1. Nf3 Nf6 2. c4 c6 3. d4 d5 4. g3 g6 5. Bg2 Bg7 6. O-O O-O 7. Qb3 Qb6 8. Nc3 Bf5 9. Ne5 Rd8 {[%emt 0:07:31] [#] D78: Fianchetto Grünfeld: 6 0-0 c6.} (9... Be6 $5 ) 10. e3 $146 ({White should play} 10. cxd5 $14 Qxb3 11. axb3) ({Predecessor:} 10. cxd5 Qxb3 11. axb3 cxd5 12. Bg5 Nc6 13. Nxc6 bxc6 14. Ra6 Rdc8 15. Rfa1 Rab8 16. R1a3 Nd7 17. Bxe7 Bxd4 18. Bd6 Rb7 19. e3 Bc5 20. Bxc5 Nxc5 21. Rxa7 Rxa7 22. Rxa7 Nxb3 {½-½ (30) Yakubboev,N (2621)-Sarana,A (2649) Riga 2021}) 10... Qxb3 11. axb3 Bc2 12. Ra3 Ne4 13. b4 (13. Na2 $11 {should be considered.}) 13... Nd7 (13... Bxe5 $15 14. dxe5 Bd3) 14. Nxd7 Rxd7 15. b5 e5 16. Nxe4 (16. Na2 $5 exd4 17. exd4 $11 (17. Nb4 d3 $15)) 16... Bxe4 17. Bh3 Bf5 (17... Re7 $11) 18. Bxf5 (18. bxc6 {keeps more tension.} bxc6 19. Bxf5 gxf5 20. dxe5 Bxe5 21. Rd1) 18... gxf5 19. bxc6 $1 bxc6 20. dxe5 Bxe5 21. Ra5 Rb8 22. cxd5 Rxd5 23. Rxa7 Bxb2 24. Ra2 Bxc1 25. Rxc1 $14 {[%emt 0:00:02][%mdl 4096] Endgame KRR-KRR} c5 26. Ra5 Rc8 27. Kg2 Kf8 28. Rc4 Ke7 29. Rh4 Ke6 30. Rh6+ ({White should try} 30. Ra3 $16) 30... f6 31. Ra6+ Rd6 32. Rxf6+ Kxf6 33. Rxd6+ $11 {[%emt 0:00:07] KR-KR} Ke5 34. Rd3 c4 35. Rc3 Kd5 36. Kf3 Kc5 37. Kf4 Kb4 38. Rc1 c3 39. f3 ({Much worse is} 39. Kxf5 Rf8+ 40. Kg5 Rxf2 $15) 39... Kb3 40. Kxf5 Kb2 41. Re1 c2 {[%emt 0:15:28] [#] White must now prevent ...Rc3.} 42. e4 {[%emt 0:01:55] aiming for e5.} Rf8+ {[%emt 0:00:26][%mdl 64] Skewer} 43. Kg5 (43. Kg4 $11) 43... Rxf3 $15 44. e5 $2 {[%emt 0:00:01][%mdl 8192] [#]} (44. Kh6 $1 $15) 44... Re3 $3 $19 {[%emt 0:00:48][%mdl 576] Promotion} 45. Rxe3 {[%emt 0:00:09] Intending Re2 and mate.} c1=Q {[%emt 0:00:03] KQ-KR} 46. Kf4 Qf1+ 47. Kg4 (47. Rf3 $142 Qc4+ 48. Kg5) 47... Qf2 (47... h5+ $142 48. Kg5 Qf2) 48. Re4 h5+ 49. Kg5 Qxh2 50. g4 Qg2 51. Rf4 Qg3 (51... hxg4 $142 {( -> ...g3)} 52. Rxg4 Qd5) 52. e6 hxg4 53. Re4 {[%emt 0:00:00] Inhibits Qe3+.} Qf3 {[%emt 0:00:33] Prevents Re2+.} 54. Rxg4 Qe3+ 55. Kf5 Qf3+ 56. Kg5 $1 Kc3 $2 (56... Qf8 $19 {Threatens to win with ...Kc2.} 57. Re4 Qe7+ 58. Kf5 Kc3) 57. e7 $11 {[%emt 0:00:49] The position is equal.} Qf7 (57... Qc6 $5 58. Kf5 Qf3+ 59. Kg5 Qf7 $11) 58. Re4 Qg7+ 59. Kf5 Qh7+ 60. Kf4 Qh4+ 61. Kf5 Qh5+ 62. Kf6 Qe8 63. Re6 Qh8+ 64. Kf7 Qh7+ 65. Kf6 Qh8+ 66. Kf7 Qh7+ 67. Kf6 Qh8+ {[%emt 0:02:02] Black had all chances to win.  Weighted Error Value: White=0.41/Black=0.54} 1/2-1/2

[Event "FISCA IM Round Robin 2022"]
[Site "Cap Aurora"]
[Date "2022.06.29"]
[Round "9.4"]
[White "Srinath, Rao S.V."]
[Black "Ciolacu, Alessia-Mihaela"]
[Result "1-0"]
[ECO "A45"]
[WhiteElo "2316"]
[BlackElo "2198"]
[Annotator "TA"]
[PlyCount "59"]
[EventDate "2022.06.22"]
[EventType "tourn"]
[EventCountry "ROU"]
[SourceTitle "playchess.com"]
[Source "ChessBase"]
[SourceQuality "1"]
[TimeControl "40/5400+30:900+30"]

1. d4 Nf6 2. Bf4 c5 3. e3 Qb6 4. Nc3 cxd4 5. exd4 a6 6. a3 {[%emt 0:02:02] A45: Trompowsky Attack.} d5 7. Bd3 Nc6 8. Nge2 {[%emt 0:04:00] The position is equal.} Bg4 (8... Qxb2 $2 9. Na4 Qxa1 10. Qxa1 $18) (8... Nxd4 $2 9. Nxd4 e6 {[#]} 10. O-O $1 $18) 9. f3 Bd7 10. Na4 Qa7 {[%emt 0:08:34] [#]} 11. c3 $146 ({Predecessor:} 11. Nc5 e6 12. Nxd7 Nxd7 13. c3 Be7 14. O-O Nce5 15. Bxe5 Nxe5 16. Kh1 Nxd3 17. Qxd3 {1-0 (45) Bosque Ortega,X (2229)-Garcia Trobat,F (2291) Benidorm 2011}) 11... e6 12. b4 Be7 13. Nc5 O-O 14. Qc2 $36 {[%emt 0:06:45][%mdl 2048] White is more active.} e5 ({Black should play} 14... Bc8 $14) 15. dxe5 ({White should try} 15. Bxe5 $18 Bc8 16. Bf4) 15... Bxc5 $16 16. bxc5 Nh5 17. Be3 Nxe5 18. Bxh7+ Kh8 19. Bd4 {[%emt 0:00:23] Threatens to win with c6.} Qb8 (19... Bb5 $16) 20. Bf5 Bb5 21. O-O {[%emt 0:02:57] Qd2 is the strong threat.} Re8 22. Rfe1 {[%emt 0:06:09] Black must now prevent Qd2.} Kg8 (22... Nc6 $16 23. Qd2 Kg8) 23. Qd2 {[%emt 0:03:20] aiming for Qg5.} Qd8 {[%emt 0:03:18] Against Qg5} 24. Ng3 Nxg3 (24... Nc4 {was called for.} 25. Rxe8+ Bxe8) 25. hxg3 $18 {[%emt 0:00:38] Really sharp!} Nc6 (25... Qc7 26. Qg5 Ng6 27. Bxg6 fxg6 28. Qxg6 Qf7) 26. Rxe8+ Qxe8 {[%emt 0:00:02] [#]} 27. Bxg7 $1 {[%emt 0:00:40][%mdl 512] White threatens Qh6 and mate. A strong pair of Bishops.} Ne7 {[%emt 0:08:54] [#]} (27... f6 28. Bxf6) 28. Qh6 $1 {[%emt 0:06:16][%csl Gg7][%cal Rh6h8] White mates.} Ng6 29. Bxg6 fxg6 30. Bd4 {[%emt 0:00:04] Weighted Error Value: White=0.08 (flawless) /Black=0.46} (30. Bf6 $142 Qe3+ 31. Qxe3 Re8 32. Qh6 Kf7 33. Qg7+ Ke6 34. Re1+ Kf5 35. g4+ Kf4 36. Qh6+ Kg3 37. Bh4#) 1-0

[Event "FISCA IM Round Robin 2022"]
[Site "Cap Aurora"]
[Date "2022.06.29"]
[Round "9.5"]
[White "Buzbuchi, Ionut"]
[Black "Manolache, Marius"]
[Result "0-1"]
[ECO "B09"]
[WhiteElo "2301"]
[BlackElo "2481"]
[Annotator "TA"]
[PlyCount "64"]
[EventDate "2022.06.22"]
[EventType "tourn"]
[EventCountry "ROU"]
[SourceTitle "playchess.com"]
[Source "ChessBase"]
[SourceQuality "1"]
[TimeControl "40/5400+30:900+30"]

1. e4 d6 2. d4 Nf6 3. Nc3 g6 4. f4 Bg7 5. Nf3 O-O 6. Bd3 c5 7. dxc5 dxc5 8. e5 Nd5 9. Nxd5 Qxd5 10. Qe2 Qc6 {[%emt 0:10:52] B09: Pirc Defence: Austrian Attack.} 11. O-O Be6 {[%emt 0:08:53] [#]} 12. Be4 $146 (12. Ng5 {seems wilder.} c4 13. Be4 Bd5 14. Bxd5 Qxd5 15. Rd1) ({Predecessor:} 12. Ng5 c4 13. Be4 Bd5 14. Bxd5 Qxd5 15. Be3 Na6 16. Rfd1 Qc6 17. Rd4 Rac8 18. Rad1 {0-1 (61) Heinrich,A (2070)-Beerbaum,D (2148) Mecklenburg VP 2003}) 12... Bd5 {[%emt 0:04:18] White is slightly better.} 13. Bxd5 (13. Ng5 {with more complications.} Na6 14. Bxd5 Qxd5 15. Rd1) 13... Qxd5 14. Rd1 Qc6 15. Be3 Na6 16. Qc4 Rac8 (16... Rfd8 {keeps more tension.} 17. Ng5 e6 18. Bf2 Nb4) 17. c3 Bh6 18. a4 Rfd8 19. Kf2 Kf8 (19... Nc7 $14) 20. Ke2 (20. g4 $16) 20... Rxd1 (20... Nc7 $11) 21. Rxd1 $16 Nc7 22. Qxc5 ({Don't go for} 22. Bxc5 $2 Ne6 23. Bxe7+ Kxe7 24. Qb4+ Qc5 25. Qxc5+ Nxc5 $19) 22... Qxa4 23. Qxa7 Qb5+ 24. c4 Qxc4+ 25. Kf2 {[%emt 0:00:09] [#] Rc1 is the strong threat.} Qb3 (25... Bxf4 $2 26. Bxf4 Qxf4 27. Qxb7 $18) 26. Rd2 Nd5 $36 {[%emt 0:00:31][%mdl 2048] Black is more active.} 27. Qd4 (27. Qa3 $11 Qxa3 28. bxa3 Nxf4 29. Rd4) 27... e6 $15 28. g3 Kg8 29. Qd3 Qa4 30. b3 Qa1 31. Rc2 $2 (31. Bd4 $15 Qc1 32. Rd1) 31... Rxc2+ $19 32. Qxc2 {[%emt 0:00:07] [#]} Qf1+ $3 {[%emt 0:00:07][%mdl 512] Weighted Error Value: White=0.50/Black=0.14 (very precise)} 0-1